 Dungeon Crawl Stone Soup version 0.26.1-15-g04117e645d (webtiles) character file.

Game seed: 15385954674225553621

9177 Froggeryz the Slicer (level 11, -2/75 HPs)
             Began as an Octopode Berserker on May 5, 2022.
             Was a High Priest of Trog.
             Slain by a killer bee (9 damage)
             ... on level 9 of the Dungeon.
             The game lasted 00:12:42 (11060 turns).

Froggeryz the Slicer (Octopode Berserker)          Turns: 11060, Time: 00:12:43

Health: -2/75      AC:  1    Str: 22    XL:     11   Next: 42%
Magic:  11/11      EV: 16    Int: 10    God:    Trog [*****.]
Gold:   533        SH:  5    Dex: 15    Spells: 10/10 levels left

rFire    . . .     SeeInvis .   w - +3 short sword (drain)
rCold    + . .     Faith    .   A - +0 buckler
rNeg     . . .     Spirit   .   (helmet restricted)
rPois    .         Reflect  .   C - amulet of the acrobat
rElec    .         Harm     .   g - ring of protection from cold
rCorr    +         Rampage  .   n - +6 ring of strength
Will     ++...                  a - ring of resist corrosion
Stlth    ++++......             z - ring of flight
HPRegen  1.22/turn              (no ring)
MPRegen  0.12/turn              (no ring)
                                (no ring)
                                (no ring)

@: lethally poisoned (-2 -> -7), regenerating
A: almost no armour, stealthy swim, amphibious, 8 rings, constrict 8, camouflage
1, gelatinous body 1
a: Renounce Religion, Evoke Flight, Berserk, Trog's Hand, Brothers in Arms


You were on level 9 of the Dungeon.
You worshipped Trog.
Trog was extremely pleased with you.
You visited 1 branch of the dungeon, and saw 9 of its levels.
You also visited: Bailey.

You collected 544 gold pieces.
You spent 11 gold pieces at shops.

Inventory:

Hand Weapons
 w - a +3 short sword of draining (weapon)
Missiles
 d - 67 boomerangs
 o - 36 poisoned darts (quivered)
Armour
 A - a +0 buckler (worn)
Jewellery
 a - a ring of resist corrosion (on tentacle)
 g - a ring of protection from cold (left tentacle)
 n - a +6 ring of strength (right tentacle)
 z - a ring of flight (on tentacle)
 C - an amulet of the acrobat (around mantle)
 H - a cursed ring of teleportation {unknown}
Wands
 e - a wand of iceblast (12)
 u - a wand of enslavement (5)
 v - a wand of flame (22)
 y - a wand of paralysis (22)
 B - a wand of random effects (33)
 F - a wand of acid (8)
Scrolls
 b - 3 scrolls of teleportation
 f - a scroll of enchant armour
 i - 4 scrolls of immolation
 p - a scroll of fear
 q - a scroll of remove curse
 t - a scroll of magic mapping
 x - a scroll of fog
 E - 2 scrolls of enchant weapon
 G - a scroll of identify
Potions
 c - 3 potions of mutation
 h - 2 potions of berserk rage
 j - a potion of invisibility
 k - 8 potions of flight
 l - 3 potions of curing
 m - 4 potions of might
 r - 2 potions of lignification
 s - 2 potions of ambrosia
Miscellaneous
 D - a phantom mirror (inert)


   Skills:
 + Level 7.5 Fighting
 * Level 13.4 Short Blades
 - Level 5.1 Throwing
 - Level 5.1 Dodging
 - Level 4.0 Stealth
 - Level 4.5 Shields


You had 10 spell levels left.
You didn't know any spells.
Your spell library was empty.

Dungeon Overview and Level Annotations

Branches:
Dungeon (9/15)             Temple (0/1) D:7          Bailey (visited)
   Lair: D:8-11         Orc: D:9-12

Altars:
Ashenzari
Cheibriados
Kikubaaqudgha
Nemelex Xobeh
Trog
Wu Jian
Xom
Zin
The Shining One

Shops:
D:8 ?   D:9 (


Innate Abilities, Weirdness & Mutations

You cannot wear most types of armour.
You are very stealthy in the water. (Stealth+)
You are amphibious.
You can wear up to eight rings at the same time.
You can use your tentacles to constrict eight enemies at once.
Your skin changes colour to match your surroundings (Stealth+).
Your rubbery body absorbs attacks. (AC +1, EV +1)


Message History

* * * LOW HITPOINT WARNING * * *
You are more poisoned.
The killer bee poisons you!
You miss the killer bee. Your grab misses the killer bee.
You squeeze the killer bee.
The killer bee is lightly wounded.
You feel sick. The killer bee closely misses you.
You closely miss the killer bee. Your grab misses the killer bee.
Your squeeze misses the killer bee.
The killer bee is lightly wounded.
You feel sick. The killer bee stings you.
* * * LOW HITPOINT WARNING * * *
Aiming: Paralyse
Press: ? - help, Shift-Dir - straight line, f - killer bee
Aim: a killer bee (lightly wounded, chance to affect: 54%)
The killer bee resists with significant effort.
You feel sick.
You hear an angry buzzing noise.
The killer bee misses you. The killer bee stings you!
You die...

#. #..# ##
##.#####.. #.#
...#....# #y#
.(.....# #y#
#.....# #y# ######
#....###y#
#....######..#.†#y#
..............(.@#
..###########..!..#
..## #.........
...## #..........
....## ###########
.P♣..# .♣P..#
♣P..## PP..#


You could see 5 killer bees.

Vanquished Creatures
  A hydra (D:8)
  2 two-headed ogres
  An orc knight (Bailey)
  A queen bee (D:9)
  Grinder (D:4)
  2 dream sheep (D:8)
  Sigmund (D:2)
  A wyvern (D:9)
  A steam dragon (D:8)
  2 vampire mosquitoes (D:8)
  Menkaure (D:5)
  Duvessa (D:6)
  2 water moccasins
  12 orc warriors
  3 black bears
  4 ice beasts
  A phantom (D:6)
  The ghost of Almogavar the Slasher, an amateur PaBe of Trog (D:3)
  A necrophage (D:8)
  5 ogres
  3 centaurs
  4 big kobolds
  A gnoll sergeant (D:8)
  Dowan (D:6)
  3 bullfrogs
  A scorpion (D:7)
  9 killer bees
  6 wights
  2 howler monkeys (D:8)
  A bullfrog zombie (D:4)
  5 hounds
  3 orc priests
  2 orc wizards
  A gnoll shaman (D:2)
  6 iguanas
  9 worker ants
  A hound skeleton (D:6)
  A howler monkey zombie (D:5)
  13 gnolls
  6 adders
  2 shadow imps
  3 white imps
  An ufetubus (D:5)
  2 adder skeletons
  An adder zombie (D:5)
  3 worms
  3 dart slugs
  5 leopard geckos
  23 orcs
  9 giant cockroaches
  9 goblins
  7 hobgoblins
  8 jackals
  21 kobolds
  6 quokkas
  A ball python (D:3)
  4 bats
  10 frilled lizards
  A quokka skeleton (D:8)
  9 rats
250 creatures vanquished.

Vanquished Creatures (others)
  An orc wizard (D:8)
  A plant (D:8)
  2 withered plants (D:3)
4 creatures vanquished.

Grand Total: 254 creatures vanquished

Notes
Turn   | Place    | Note
-------+----------+-------------------------------------------
     0 | D:1      | Froggeryz the Octopode Berserker began the quest for the
                  | Orb.
     0 | D:1      | Reached XP level 1. HP: 16/16 MP: 1/1
   159 | D:1      | Reached skill level 1 in Stealth
   167 | D:1      | Reached XP level 2. HP: 21/21 MP: 2/2
   576 | D:1      | You fall into a shaft and drop 1 floor!
   576 | D:2      | Found a bloodstained altar of Trog.
   580 | D:2      | Reached XP level 3. HP: 26/26 MP: 3/3
   610 | D:2      | Reached skill level 4 in Short Blades
   610 | D:2      | Reached XP level 4. HP: 31/31 MP: 4/4
   738 | D:2      | Reached ** piety under Trog
   744 | D:2      | Found a sparkling altar of Nemelex Xobeh.
  1314 | D:2      | Reached XP level 5. HP: 36/36 MP: 5/5
  1320 | D:2      | Reached skill level 5 in Short Blades
  1458 | D:2      | Found a broken altar of Ashenzari.
  1768 | D:2      | Found a glowing silver altar of Zin.
  1932 | D:2      | Noticed Sigmund
  1949 | D:2      | Killed Sigmund
  1950 | D:2      | Reached skill level 6 in Short Blades
  1950 | D:2      | Reached skill level 1 in Throwing
  1950 | D:2      | Reached XP level 6. HP: 42/42 MP: 6/6
  2518 | D:3      | Found a runed translucent door.
  2519 | D:3      | Noticed Almogavar's ghost (amateur PaBe)
  2792 | D:3      | Reached *** piety under Trog
  3012 | D:3      | Reached XP level 7. HP: 16/46 MP: 7/7
  3420 | D:3      | Killed Almogavar's ghost
  3551 | D:4      | Reached skill level 7 in Short Blades
  4070 | D:4      | Noticed Grinder
  4090 | D:4      | Killed Grinder
  4091 | D:4      | Reached XP level 8. HP: 40/52 MP: 8/8
  4347 | D:4      | Reached skill level 8 in Short Blades
  4487 | D:4      | Found an ornate altar of the Wu Jian Council.
  4517 | D:5      | Entered Level 5 of the Dungeon
  5099 | D:5      | Noticed Menkaure
  5108 | D:5      | Killed Menkaure
  5225 | D:5      | Reached skill level 9 in Short Blades
  5552 | D:6      | Reached skill level 5 in Throwing
  5788 | D:6      | Noticed Dowan
  5798 | D:6      | Noticed Duvessa
  5810 | D:6      | Killed Duvessa
  5811 | D:6      | Reached XP level 9. HP: 30/56 MP: 9/9
  5817 | D:6      | Killed Dowan
  6073 | D:6      | Found a bloodstained altar of Trog.
  6077 | D:6      | Found an ancient bone altar of Kikubaaqudgha.
  6146 | D:6      | Found a shimmering altar of Xom.
  6379 | D:6      | Reached skill level 10 in Short Blades
  6443 | D:6      | Reached skill level 1 in Shields
  6467 | D:6      | Found a broken altar of Ashenzari.
  6846 | D:7      | Reached **** piety under Trog
  7004 | D:7      | Found a glowing golden altar of the Shining One.
  7054 | D:7      | Found a staircase to the Ecumenical Temple.
  7167 | D:7      | Found a flagged portal.
  7171 | Bailey   | Entered a bailey
  7177 | Bailey   | Noticed an orc knight
  7289 | Bailey   | Reached skill level 5 in Dodging
  7688 | Bailey   | Reached XP level 10. HP: 53/63 MP: 10/10
  7743 | Bailey   | Killed an orc knight
  8473 | D:7      | Reached skill level 11 in Short Blades
  8890 | D:8      | Reached skill level 5 in Fighting
  9066 | D:8      | Found Emepnex's Magic Scroll Emporium.
  9076 | D:8      | Bought a scroll of noise for 11 gold pieces
  9215 | D:8      | Noticed a two-headed ogre
  9225 | D:8      | Killed a two-headed ogre
  9436 | D:8      | Reached ***** piety under Trog
  9439 | D:8      | Reached skill level 12 in Short Blades
  9642 | D:8      | HP: 5/102 [gnoll sergeant/+1 spear of distortion (10)]
  9650 | D:8      | HP: 3/102 [poisoned by a water moccasin]
 10181 | D:8      | Reached XP level 11. HP: 41/74 MP: 11/11
 10332 | D:8      | Noticed a three-headed hydra
 10341 | D:8      | Killed a three-headed hydra
 10500 | D:9      | Noticed a two-headed ogre
 10503 | D:9      | Found Siurum's Antique Weapon Shop.
 10529 | D:9      | Reached skill level 13 in Short Blades
 10651 | D:9      | Killed a two-headed ogre
 10809 | D:9      | Found a snail-covered altar of Cheibriados.
 11056 | D:9      | Received a gift from Trog
 11060 | D:9      | Slain by a killer bee

Illustrated notes

Levels and vault maps discovered:
D:1:      dpeg_arrival_leaves_temple_mockup, layout_basic
D:2:      layout_loops_corners, lemuel_crystal_altar,
          nicolae_overflow_hidden_temple, zin_academy, trog_butcher_becter,
          uniq_sigmund
D:3:      layout_loops_ring, gammafunk_ghost_grave, guppyfry_early_orc_mine
D:4:      layout_rooms, lemuel_round_altar, uniq_grinder
D:5:      layout_rooms, uniq_menkaure
D:6:      layout_basic, grunt_temple_overflow_open,
          nicolae_overflow_crystal_walls, nicolae_ashenzari_panopticon,
          uniq_duvessa
D:7:      layout_loops_cross, minmay_temple_entry_purple_smoke, enter_bailey_1,
          basic_altar
D:8:      layout_basic, serial_shops, shop, hangedman_ranch
          [blue_anna_fruit_fields]
D:9:      minmay_octagon_keep, layout_rooms, old_standard_altar,
          overflow_temple_1_default, serial_corexii_hall,
          corexii_hall_statues_l, corexii_hall_statues_x,
          corexii_hall_statues_deadend, chequers_hall_statues_wall_a,
          serial_shops, shop_fountains, serial_park_tiny_2, grunt_decor_cap,
          minivault_7

Skill      XL: |  1  2  3  4  5  6  7  8  9 10 11 |
---------------+----------------------------------+-----
Stealth        | 1 2 3 4 |  4.0
Short Blades   | 4 6 7 9 10 12 13 | 13.4
Throwing       | 1 2 3 5 |  5.1
Dodging        | 5 |  5.1
Shields        | 4 |  4.5
Fighting       | 4 6 7 |  7.5

Action                   |  1- 3 |  4- 6 |  7- 9 | 10-12 || total
-------------------------+-------+-------+-------+-------++-------
Melee: Short sword       |    31 |    30 |    81 |   223 ||   365
       Tentacles         |     7 |    40 |    99 |    81 ||   227
       Constrict         |     6 |    34 |    55 |    47 ||   142
       Dagger            |       |   123 |   221 |       ||   344
Throw: Dart              |       |     5 |     7 |     7 ||    19
       Boomerang         |       |       |       |     2 ||     2
Invok: Berserk           |       |     3 |     7 |     5 ||    15
       Trog's Hand       |       |     1 |     3 |     1 ||     5
Evoke: Phantom mirror    |       |       |       |     1 ||     1
       Wand              |       |       |       |     1 ||     1
  Use: Scroll            |       |     7 |     9 |     3 ||    19
       Potion            |       |       |     3 |     1 ||     4
 Stab: Sleeping          |     9 |    15 |     9 |     7 ||    40
Armor: Skin              |       |     5 |     7 |     4 ||    16
Dodge: Dodged            |    11 |    67 |   169 |   119 ||   366
Block: Buckler           |       |       |     4 |    32 ||    36
